 Dungeon Crawl Stone Soup version 0.30.1-3-gfc49f6343a (webtiles) character file.

Game seed: 11492866281992524090

3549 Gorgoleon the Carver (level 10, -1/67 HPs)
             Began as a Human Gladiator on July 20, 2023.
             Was a Believer of Okawaru.
             Slain by a wolf (9 damage)
             ... led by Grum
             ... on level 8 of the Dungeon.
             The game lasted 00:27:58 (8568 turns).

Gorgoleon the Carver (Human Gladiator)              Turns: 8568, Time: 00:27:59

Health: -1/67      AC:  8    Str: 19    XL:     10   Next: 30%
Magic:  11/11      EV: 14    Int: 12    God:    Okawaru [**....]
Gold:   573        SH:  0    Dex: 23    Spells: 5/9 levels left

rFire   . . .        a - +1 long sword
rCold   . . .        (no shield)
rNeg    . . .        n - +4 robe of Augmentation {Str+4 Int+4 Dex+4}
rPois   .            c - +0 helmet
rElec   .            w - +0 cloak
rCorr   .            (no gloves)
SInv    .            (no boots)
Will    .....        (no amulet)
Stlth   ++           (no ring)
HPRegen 0.31/turn    (no ring)
MPRegen 0.12/turn

%: no passive effects
@: hasted, very quick
A: no striking features
a: Renounce Religion, Heroism


You were on level 8 of the Dungeon.
You worshipped Okawaru.
Okawaru was pleased with you.
You visited 2 branches of the dungeon, and saw 9 of its levels.
You also visited: Sewer.

You collected 573 gold pieces.

Inventory:

Hand Weapons
 a - a +1 long sword (weapon)
 o - a +1 dagger of flaming
Missiles
 d - 3 throwing nets
 e - 7 javelins
 q - 41 stones (quivered)
 r - 8 poisoned darts
 y - 3 atropa-tipped darts
 E - 6 boomerangs
Armour
 b - a +1 leather armour
 c - a +0 helmet (worn)
 n - the +4 robe of Augmentation (worn) {Str+4 Int+4 Dex+4}
   (You found it on level 5 of the Dungeon)

   Str:       It affects your strength (+4).
   Int:       It affects your intelligence (+4).
   Dex:       It affects your dexterity (+4).
 t - a +0 scale mail
 w - a +0 cloak (worn)
Jewellery
 v - a ring of see invisible
 F - a ring of willpower
Wands
 H - a wand of light (6)
Scrolls
 f - 3 scrolls of enchant armour
 l - 3 scrolls of fear
 x - 5 scrolls of noise
 B - a scroll of fog
 D - 2 scrolls of magic mapping
Potions
 g - 2 potions of attraction
 h - 4 potions of lignification
 i - 2 potions of brilliance
 j - 5 potions of mutation
 k - 2 potions of degeneration
 m - 2 potions of ambrosia {unknown}
 p - 8 potions of curing
 s - 3 potions of invisibility
 u - a potion of flight
 z - a potion of haste
 A - 2 potions of might
 C - a potion of resistance
 G - a potion of cancellation {unknown}


   Skills:
 - Level 2.0 Fighting
 + Level 13.9 Long Blades
 - Level 2.0 Throwing
 - Level 2.0 Armour
 - Level 3.0 Dodging
 - Level 2.0 Invocations


You had 5 spell levels left.
You knew the following spells:

 Your Spells              Type           Power      Damage    Failure   Level
a - Animate Dead          Necr           0%         N/A       97%         4

Your spell library contained the following spells:

 Spells                   Type           Power      Damage    Failure   Level
 Sandblast                Erth           0%         2d4       32%         1
 Ensorcelled Hibernation  Hex/Ice        0%         N/A       45%         2
 Passwall                 Tmut/Erth      0%         N/A       45%         2
 Stone Arrow              Conj/Erth      0%         3d7       69%         3
 Swiftness                Air            0%         N/A       69%         3
 Manifold Assault         Tloc           0%         N/A       97%         4
 Dispersal                Tloc           0%         N/A       100%        6
 Disjunction              Tloc           0%         N/A       100%        8
 Haunt                    Necr/Summ      Unusable   N/A       N/A         7
 Infestation              Necr           Unusable   N/A       N/A         8

Dungeon Overview and Level Annotations

Branches:
Dungeon (8/15)             Temple (1/1) D:6           Sewer (visited)
   Lair: D:8-11

Altars:
Ashenzari
Cheibriados
Dithmenos
Elyvilon
Fedhas
Gozag
Makhleb
Nemelex Xobeh
Okawaru
Qazlal
Sif Muna
Trog
Uskayaw
Vehumet
Wu Jian
Xom
Yredelemnul
The Shining One

Shops:
D:7 *

Annotations:
D:8 Gastronok, Grum, Joseph, Maurice


Message History

You hear a zap.
You hear a grinding noise.
Joseph zaps a wand.
Some rock shatters into small pieces.
The now-empty wand crumbles to dust.
The wolf attacks as you move away! The wolf bites you but does no damage.
Items here: )))) [[[ †††.
You hear a zap.
Some rock shatters into small pieces.
Things that are here:
a +0 flail; an orc corpse The wolf bites you.
The wolf attacks as you move away! The wolf barely misses you.
The wolf attacks as you move away! The wolf bites you.
The wolf attacks as you move away! The wolf closely misses you.
You completely miss the wolf. The wolf barely misses you.
You hit the wolf.
The wolf is lightly wounded.
The wolf closely misses you.
You miss the wolf.
The wolf is lightly wounded.
The wolf closely misses you.
You hit the wolf but do no damage.
The wolf is lightly wounded.
You hit the wolf.
The wolf is moderately wounded.
The wolf bites you.
You hit the wolf but do no damage.
The wolf is moderately wounded.
The wolf barely misses you.
You completely miss the wolf.
The wolf is lightly wounded.
The wolf bites you!
* * * LOW HITPOINT WARNING * * *
You hit the wolf.
The wolf is moderately wounded.
Okay, then.
The wolf attacks as you move away! The wolf bites you!
* * * LOW HITPOINT WARNING * * *
The wolf attacks as you move away! The wolf bites you but does no damage.
The wolf bites you!
You die...

## #.# ####..# ##...#
....##########################
..§@))....@Y...h@............#
..##########################<#
.## #.# # #.# #.# #.# #.# .#.
# #


You could see Joseph, a yak and a wolf.

Vanquished Creatures
  Sigmund (D:6)
  A shadow (D:5)
  A wraith (D:7)
  3 yaks (D:7)
  4 water moccasins
  An orc warrior (D:8)
  Pargi (Sewer)
  3 ice beasts
  A sky beast (D:7)
  3 black bears
  3 wolves (D:7)
  An ogre (D:5)
  2 centaurs
  2 bullfrogs
  A necrophage (D:6)
  Blork the orc (D:5)
  A scorpion (D:6)
  2 jellies
  2 orc priests
  3 hounds
  An iguana (D:5)
  3 orc wizards (D:7)
  A hound skeleton (D:6)
  A river rat (D:5)
  8 adders
  3 ufetubi
  2 worms (D:2)
  5 dart slugs
  32 orcs
  7 ball pythons
  3 endoplasms
  5 giant cockroaches
  11 goblins
  6 hobgoblins
  9 jackals
  4 quokkas
  10 bats
  15 kobolds
  8 rats
  A spectral orc (D:3)
172 creatures vanquished.

Notes
Turn   | Place    | Note
-------+----------+-------------------------------------------
     0 | D:1      | Gorgoleon the Human Gladiator began the quest for the Orb.
     0 | D:1      | Reached XP level 1. HP: 16/16 MP: 1/1
    80 | D:1      | Reached XP level 2. HP: 19/22 MP: 2/2
   236 | D:1      | Reached skill level 4 in Long Blades
   236 | D:1      | Reached XP level 3. HP: 23/27 MP: 3/3
   827 | D:1      | Found a faded altar of an unknown god.
  1160 | D:2      | Reached skill level 1 in Armour
  1213 | D:2      | Reached XP level 4. HP: 33/33 MP: 4/4
  2137 | D:3      | Found a sparkling altar of Nemelex Xobeh.
  2139 | D:3      | Found a radiant altar of Vehumet.
  2197 | D:3      | Reached XP level 5. HP: 38/38 MP: 5/5
  2593 | D:3      | Found a basalt altar of Yredelemnul.
  3020 | D:4      | Reached skill level 5 in Long Blades
  4015 | D:5      | Entered Level 5 of the Dungeon
  4037 | D:4      | Reached XP level 6. HP: 43/44 MP: 6/6
  4083 | D:5      | Reached skill level 6 in Long Blades
  4210 | D:5      | Noticed a shadow
  4304 | D:5      | Killed a shadow
  4305 | D:5      | Reached skill level 7 in Long Blades
  4305 | D:5      | Reached XP level 7. HP: 31/50 MP: 7/7
  4408 | D:5      | Found the +4 robe of Augmentation {Str+4 Int+4 Dex+4}
  4412 | D:5      | Noticed Blork the orc
  4424 | D:5      | Killed Blork the orc
  4540 | D:5      | Found a glowing drain.
  4556 | Sewer    | Entered a sewer
  4639 | Sewer    | Noticed Pargi
  4643 | Sewer    | Killed Pargi
  4644 | Sewer    | Reached skill level 8 in Long Blades
  4875 | D:5      | Reached XP level 8. HP: 20/56 MP: 8/8
  5084 | D:5      | Found a shimmering blue altar of Sif Muna.
  5350 | D:6      | Learned a level 4 spell: Animate Dead
  5415 | D:6      | Found a staircase to the Ecumenical Temple.
  5445 | Temple   | Entered the Ecumenical Temple
  5690 | D:6      | Reached skill level 9 in Long Blades
  5690 | D:6      | Noticed Sigmund
  5702 | D:6      | Killed Sigmund
  5832 | D:6      | Reached skill level 10 in Long Blades
  5924 | D:6      | Found an iron altar of Okawaru.
  5941 | D:6      | Became a worshipper of Warmaster Okawaru
  5978 | D:6      | Found a burning altar of Makhleb.
  5985 | D:6      | Reached XP level 9. HP: 59/61 MP: 9/9
  6460 | D:7      | Reached skill level 11 in Long Blades
  6513 | D:7      | Reached * piety under Okawaru
  6611 | D:7      | Found a flagged portal.
  7009 | D:7      | Reached skill level 12 in Long Blades
  7009 | D:7      | Reached skill level 1 in Invocations
  7247 | D:7      | Reached ** piety under Okawaru
  7446 | D:7      | Found Lushrinuarr's Overcharged Wands.
  7861 | D:8      | Noticed Gastronok
  7911 | D:8      | Reached XP level 10. HP: 37/67 MP: 11/11
  7922 | D:8      | Noticed Maurice
  7931 | D:7      | Reached skill level 13 in Long Blades
  8101 | D:8      | Noticed Grum
  8514 | D:8      | Noticed Joseph
  8568 | D:8      | Slain by a wolf

Illustrated notes

Levels and vault maps discovered:
D:1:      ncdulo_lavacross, layout_basic, chequers_ecumenical_altar_grove
D:2:      layout_rooms, chequers_serial_rivers_small_a, dk_vineyard_2
D:3:      layout_loops_ring, yredelemnul_forgotten_temple_becter,
          mainiacjoe_overflow_catwalk_spiral, grunt_ministairs_2,
          kennysheep_generic_room_12
D:4:      layout_basic
D:5:      layout_cave_pools, nicolae_sif_muna_little_library,
          gup_sewer_entry_bubbles, uniq_blork_the_orc
D:6:      layout_cave_pools, okawaru_gym_becter, makhleb_blood_cavern_becter,
          minmay_temple_entry_sparse_star, uniq_sigmund
D:7:      layout_gridville, enter_bailey_5, nicolae_shop_overcharged_wands
D:8:      layout_loops_ring, due_lair_maze_entry_diamond, uniq_maurice,
          uniq_gastronok, uniq_joseph, uniq_grum
Temple:   hellmonk_temple_forest_ring

Skill      XL: |  1  2  3  4  5  6  7  8  9 10 |
---------------+-------------------------------+-----
Long Blades    | 4 5 7 8 10 12 13 | 13.9
Armour         | 1 2 |  2.0
Invocations    | 2 |  2.0
Fighting       | |  2.0
Throwing       | |  2.0
Dodging        | |  3.0

Action                     |  1- 3 |  4- 6 |  7- 9 | 10-12 || total
---------------------------+-------+-------+-------+-------++-------
  Melee: Long sword        |    89 |   162 |   288 |    88 ||   627
         Punch             |       |     1 |     7 |     1 ||     9
  Throw: Stone             |       |     9 |    18 |     1 ||    28
         Dart              |       |     1 |     6 |       ||     7
         Javelin           |       |       |     2 |       ||     2
 Invoke: Heroism           |       |       |       |     3 ||     3
    Use: Scroll            |       |    16 |     5 |       ||    21
         Potion            |       |     3 |     1 |     2 ||     6
   Stab: Sleeping          |     1 |       |     3 |       ||     4
 Armour: Leather armour    |    37 |    46 |     1 |       ||    84
         Robe              |       |       |    96 |    30 ||   126
  Dodge: Dodged            |    71 |    96 |   156 |    74 ||   397
